 Dungeon Crawl Stone Soup version 0.31-a0-174-g85c54bcb58 (webtiles) character file.

Game seed: 4050530032417898254

24 qw the Shooter (level 3, -3/32 HPs)
             Began as a Naga Hunter on June 15, 2023.
             Slain by a hobgoblin (5 damage)
             ... on level 1 of the Dungeon.
             The game lasted 00:00:10 (192 turns).

qw the Shooter (Naga Hunter)                         Turns: 192, Time: 00:00:11

Health: -3/32      AC:  2    Str: 13    XL:     3   Next: 2%
Magic:  3/3        EV:  9    Int:  9    God:
Gold:   34         SH:  0    Dex: 16    Spells: 2/2 levels left

rFire   . . .        a - +0 shortbow
rCold   . . .        (shield currently unavailable)
rNeg    . . .        c - +0 leather armour
rPois   +            (no helmet)
rElec   .            (no cloak)
rCorr   .            (no gloves)
SInv    +            (no barding)
Will    .....        (no amulet)
Stlth   ++           (no ring)
HPRegen 0.25/turn    (no ring)
MPRegen 0.08/turn

%: no passive effects
@: short of breath, very slow
A: AC +1, large, see invisible, deformed body, poison resistance, slowness 2,
spit poison 1, naga tail 1
a: Spit Poison


You were on level 1 of the Dungeon.
You visited 1 branch of the dungeon, and saw 1 of its levels.

You collected 34 gold pieces.


Innate Abilities, Weirdness & Mutations

Your serpentine skin is tough. (AC +1)
You have supernaturally acute eyesight. (SInv)
Armour fits poorly on your strangely shaped body.
Your system is resistant to poisons. (rPois)
You cover ground very slowly.
You can spit poison.
You have a snake-like lower body.


   Skills:
 - Level 2.0 Fighting
 + Level 4.4 Ranged Weapons
 - Level 1.5 Dodging
 - Level 1.5 Stealth


You had 2 spell levels left.
You didn't know any spells.
Your spell library was empty.

Inventory:

Hand Weapons
 a - a +0 shortbow (weapon)
Armour
 c - a +0 leather armour (worn)
Scrolls
 b - a scroll of butterflies
 d - a scroll of identify {unknown}
 e - a scroll of poison {unknown}

Dungeon Overview and Level Annotations

Branches:
Dungeon (1/15)

Altars:


Message History

The arrow hits the hobgoblin.
The hobgoblin is heavily wounded.
The jackal bites you but does no damage.
The hobgoblin hits you.
A rat comes into view.
The jackal bites you.
You shoot an arrow. The arrow misses the jackal.
The arrow completely misses the hobgoblin.
You have got your breath back.
The hobgoblin closely misses you. The hobgoblin hits you.
The jackal closely misses you. The hobgoblin hits you.
The hobgoblin completely misses you.
189 ||| INVOKING Spit Poison.
Aiming: Spit Poison (2% risk of failure)
Press: ? - help, Shift-Dir - straight line, f/p - jackal The splash of poison hits the jackal.
The jackal is poisoned.
You kill the jackal!
The hobgoblin barely misses you. The hobgoblin hits you.
You shoot an arrow. The arrow closely misses the hobgoblin.
The arrow hits the rat.
You kill the rat!
The hobgoblin hits you.
The hobgoblin hits you but does no damage.
The hobgoblin completely misses you.
You shoot an arrow. The arrow hits the hobgoblin.
You kill the hobgoblin!
You have got your breath back.
The hobgoblin hits you. x2
You have reached level 3!
Your experience leads to an increase in your attributes!
Increase (S)trength, (I)ntelligence, or (D)exterity?
You feel agile. x2; Your skin feels tougher.
192 ||| INVOKING Spit Poison.
Aiming: Spit Poison (2% risk of failure)
Press: ? - help, Shift-Dir - straight line, f - hobgoblin The splash of poison hits the hobgoblin.
The hobgoblin is poisoned.
You kill the hobgoblin!
The hobgoblin hits you.
You die...

.... . .).. #. .....
#.###### .%> #. #%.....#
.). #.. #....%# #.###^.
##.. #.....###%......
.... #.......@%......
#...## #.....###g......
#....####......#...#..##
.....................##
#.#.....###..###......
..................#....#
##.%...................#
##.................77.7
#..).............


You could see a hobgoblin.

Vanquished Creatures
  2 endoplasms (D:1)
  A giant cockroach (D:1)
  2 goblins (D:1)
  4 hobgoblins (D:1)
  5 jackals (D:1)
  A ball python (D:1)
  2 bats (D:1)
  2 frilled lizards (D:1)
  A kobold (D:1)
  3 rats (D:1)
23 creatures vanquished.

Notes
Turn   | Place    | Note
-------+----------+-------------------------------------------
     0 | D:1      | qw the Naga Hunter began the quest for the Orb.
     0 | D:1      | Reached XP level 1. HP: 19/19 MP: 1/1
     0 | D:1      | 0 ||| qw: Version: 0.2-a-29-g511e9b1
     0 | D:1      | 0 ||| qw: Game counter: 5387
     0 | D:1      | 0 ||| qw: Always use a shield: true
     0 | D:1      | 0 ||| qw: God list: Okawaru
     0 | D:1      | 0 ||| qw: Allow faded altars: false
     0 | D:1      | 0 ||| qw: Do Orc after D:15 true
     0 | D:1      | 0 ||| qw: Do second Lair branch before Depths: true
     0 | D:1      | 0 ||| qw: Lair rune preference: random
     0 | D:1      | 0 ||| qw: Plans: Normal
     0 | D:1      | 0 ||| PLANNING D:1-11
    24 | D:1      | 24 ||| INVOKING Spit Poison.
    78 | D:1      | 78 ||| INVOKING Spit Poison.
   115 | D:1      | 115 ||| INVOKING Spit Poison.
   118 | D:1      | 118 ||| INVOKING Spit Poison.
   119 | D:1      | Reached skill level 4 in Ranged Weapons
   119 | D:1      | Reached XP level 2. HP: 26/26 MP: 2/2
   123 | D:1      | 123 ||| INVOKING Spit Poison.
   127 | D:1      | 127 ||| INVOKING Spit Poison.
   132 | D:1      | 132 ||| INVOKING Spit Poison.
   136 | D:1      | 136 ||| INVOKING Spit Poison.
   140 | D:1      | 140 ||| INVOKING Spit Poison.
   145 | D:1      | 145 ||| INVOKING Spit Poison.
   170 | D:1      | 170 ||| INVOKING Spit Poison.
   173 | D:1      | 173 ||| INVOKING Spit Poison.
   178 | D:1      | 178 ||| INVOKING Spit Poison.
   183 | D:1      | 183 ||| INVOKING Spit Poison.
   189 | D:1      | 189 ||| INVOKING Spit Poison.
   190 | D:1      | HP: 5/26 [hobgoblin (2)]
   191 | D:1      | HP: 2/26 [hobgoblin (3)]
   192 | D:1      | Reached XP level 3. HP: 2/32 MP: 3/3
   192 | D:1      | 192 ||| INVOKING Spit Poison.
   192 | D:1      | Slain by a hobgoblin

Levels and vault maps discovered:
D:1:      tarquinn_simple_flora_water_e, layout_rooms, serial_forest,
          infiniplex_forest_lined_room_2, infiniplex_forest_lined_room_2,
          infiniplex_forest_clump_tiny, infiniplex_forest_clump_curved,
          infiniplex_forest_end_double, infiniplex_forest_end_2,
          minmay_hexomino_p4

Skill      XL: |  1 |
---------------+----+-----
Ranged Weapons | 4 |  4.4
Fighting       | |  2.0
Dodging        | |  1.5
Stealth        | |  1.5

Action                     || total
---------------------------++-------
   Fire: Shortbow          ||    41
Ability: Spit Poison       ||    16
 Armour: Leather armour    ||     3
  Dodge: Dodged            ||    14

Table legend:
 A = Non-vault XP
 B = Vault XP
 C = Vault XP percentage of total XP
 D = Non-vault monster count
 E = Vault monster count
 F = Vault count percentage of total count
                 A         B        C        D         E       F
            +---------+---------+-------+---------+---------+-------
      Total |      35 |       2 |   5.4 |      21 |       2 |   8.7
            +---------+---------+-------+---------+---------+-------
        D:1 |      35 |       2 |   5.4 |      21 |       2 |   8.7
            +---------+---------+-------+---------+---------+-------
